 Dungeon Crawl Stone Soup version 0.31-a0-219-g8d62b2e7bb (webtiles) character file.

Game seed: 8030943884453957999

238 Crownlay the Chiller (level 6, -1/44 HPs)
             Began as a Gnoll Ice Elementalist on July 3, 2023.
             Slain by a scorpion (4 damage)
             ... on level 3 of the Dungeon.
             The game lasted 00:04:54 (2660 turns).

Crownlay the Chiller (Gnoll Ice Elementalist)       Turns: 2660, Time: 00:04:55

Health: -1/44      AC:  2    Str:  8    XL:     6   Next: 7%
Magic:  14/14      EV: 18    Int: 16    God:
Gold:   262        SH:  0    Dex: 12    Spells: 8/15 levels left

rFire   . . .        g - +0 trident
rCold   . . .        (no shield)
rNeg    . . .        a - +0 robe
rPois   .            (no helmet)
rElec   .            (no cloak)
rCorr   .            (no gloves)
SInv    .            (no boots)
Will    .....        (no amulet)
Stlth   +++          k - +5 ring of evasion
HPRegen 0.27/turn    (no ring)
MPRegen 0.14/turn

%: no passive effects
@: no status effects
A: fangs 1, strong nose, distributed training
a: no special abilities


You were on level 3 of the Dungeon.
You visited 1 branch of the dungeon, and saw 4 of its levels.

You collected 262 gold pieces.

Inventory:

Hand Weapons
 g - a +0 trident (weapon)
Missiles
 d - 2 throwing nets
Armour
 a - a +0 robe (worn)
Jewellery
 k - a +5 ring of evasion (left hand)
Scrolls
 c - a scroll of immolation {unknown}
 e - a scroll of poison {unknown}
 f - a scroll of acquirement {unknown}
 i - a scroll of vulnerability {unknown}
 j - a scroll of blinking {unknown}
 l - a scroll of teleportation {unknown}
 m - a scroll of torment {unknown}
 n - a scroll of amnesia {unknown}
 r - a scroll of identify {unknown}
Potions
 h - a potion of curing {unknown}
 o - a potion of resistance {unknown}
 p - a potion of brilliance {unknown}
 q - a potion of heal wounds {unknown}
 s - a potion of haste {unknown}


   Skills:
 + Level 1.8 Fighting
 + Level 1.8 Short Blades
 + Level 1.8 Long Blades
 + Level 1.8 Axes
 + Level 1.8 Maces & Flails
 + Level 1.8 Polearms
 + Level 1.8 Staves
 + Level 1.8 Ranged Weapons
 + Level 1.8 Throwing
 + Level 1.8 Armour
 + Level 4.9 Dodging
 + Level 4.5 Stealth
 + Level 1.8 Shields
 + Level 1.8 Unarmed Combat
 + Level 5.3 Spellcasting
 + Level 1.4 Conjurations
 + Level 1.4 Hexes
 + Level 1.4 Summonings
 + Level 1.4 Necromancy
 + Level 1.4 Translocations
 + Level 1.4 Transmutations
 + Level 1.4 Fire Magic
 + Level 7.2 Ice Magic
 + Level 1.4 Air Magic
 + Level 1.4 Earth Magic
 + Level 1.4 Poison Magic
 + Level 2.0 Invocations
 + Level 1.8 Evocations


You had 8 spell levels left.
You knew the following spells:

 Your Spells              Type           Power      Damage    Failure   Level
a - Freeze                Ice            100%       1d10      1%          1
b - Frozen Ramparts       Ice            54%        1d9       2%          3
c - Ozocubu's Armour      Ice            27%        N/A       2%          3

Your spell library contained the following spells:

 Spells                   Type           Power      Damage    Failure   Level
 Magic Dart               Conj           32%        1d4       9%          1
 Searing Ray              Conj           16%        2d5       12%         2
 Volatile Blastmotes      Fire/Tloc      16%        2d11      24%         3
 Summon Ice Beast         Ice/Summ       18%        N/A       24%         4
 Fulminant Prism          Conj/Hex       4%         3d5       63%         4
 Iskenderun's Mystic Bla  Conj/Tloc      8%         2d4       63%         4
 Lee's Rapid Deconstruct  Erth           4%         3d5*      92%         5


Dungeon Overview and Level Annotations

Branches:
Dungeon (4/15)
 Temple: D:4-7

Altars:
Elyvilon
Sif Muna
Zin

Annotations:
D:4 Menkaure


Innate Abilities, Weirdness & Mutations

You have very sharp teeth.
Your uncanny sense of smell can sniff out nearby items.
Your experience applies equally to all skills.


Message History

The scorpion stings you but does no damage.
Edmund hits you but does no damage.
Casting: Ozocubu's Armour (dangerous; 2% risk of failure)
Confirm with . or Enter, or press ? or * to list all spells.
You don't have enough magic to cast this spell.
Unknown command.
Casting: Ozocubu's Armour (dangerous; 2% risk of failure)
Confirm with . or Enter, or press ? or * to list all spells.
You don't have enough magic to cast this spell.
Your icy armour will break if you move.
Continue?
Okay, then.
You aren't carrying any items that you can evoke.
Unknown command.
Casting: Ozocubu's Armour (dangerous; 2% risk of failure)
Confirm with . or Enter, or press ? or * to list all spells.
Aiming: Freeze (safe; 1% risk of failure)
Press: ? - help, Shift-Dir - straight line, f - Edmund
Aim: Edmund, wielding a +2 antimagic flail and wearing a +0 chain mail (almost dead)
You freeze Edmund!
You kill Edmund!
Menkaure points at you and mumbles some strange words.
Pain shoots through your body!
* * * LOW HITPOINT WARNING * * *
The scorpion stings you but does no damage.
Your Invocations skill increases to level 2!
You have reached level 6!
Your icy armour will break if you move.
Continue?
The scorpion closely misses you. Menkaure casts a spell at you.
Pain shoots through your body!
* * * LOW HITPOINT WARNING * * *
You climb upwards.
Your icy armour cracks and falls away as you move.
There is a stone staircase leading down here.
Casting: Freeze (safe; 1% risk of failure)
Confirm with . or Enter, or press ? or * to list all spells.
You don't have enough magic to cast this spell.
Unknown command.
Magic courses through your body. The scorpion stings you.
You die...

#.# ##...# #.# #.#
########'## #.#
#.# #.......)#
####.# #.#
#.#####..# #....#
#.####.### #..##
#.####
#.......[###...##
#.#
######.#.##.....#
#.#
#.........######.#
###.##....s@.....#
#.##.#.#########
#....#.# ######.#
#.# #.# ####.##
########## #.....#
#........# #.##..#
#.######.#


You could see a scorpion.

Vanquished Creatures
  Edmund (D:4)
  A hound (D:4)
  An iguana (D:3)
  2 river rats (D:3)
  4 adders
  A worm (D:3)
  4 dart slugs
  4 ball pythons
  3 bats
  4 endoplasms
  A giant cockroach (D:3)
  18 goblins
  5 hobgoblins (D:3)
  2 kobolds
  3 quokkas
  8 frilled lizards
  8 rats
70 creatures vanquished.

Notes
Turn   | Place    | Note
-------+----------+-------------------------------------------
     0 | D:1      | Crownlay the Gnoll Ice Elementalist began the quest for the
                  | Orb.
     0 | D:1      | Reached XP level 1. HP: 13/13 MP: 6/6
   291 | D:1      | Reached XP level 2. HP: 19/19 MP: 4/7
   994 | D:2      | Found a faded altar of an unknown god.
  1049 | D:2      | Reached skill level 5 in Spellcasting
  1049 | D:2      | Reached XP level 3. HP: 23/25 MP: 7/9
  1053 | D:2      | Learned a level 3 spell: Frozen Ramparts
  1057 | D:2      | Learned a level 3 spell: Ozocubu's Armour
  1123 | D:2      | Reached skill level 1 in Invocations
  1181 | D:2      | Reached skill level 1 in Fighting
  1181 | D:2      | Reached skill level 1 in Short Blades
  1181 | D:2      | Reached skill level 1 in Long Blades
  1181 | D:2      | Reached skill level 1 in Axes
  1181 | D:2      | Reached skill level 1 in Maces & Flails
  1181 | D:2      | Reached skill level 1 in Polearms
  1181 | D:2      | Reached skill level 1 in Staves
  1181 | D:2      | Reached skill level 1 in Ranged Weapons
  1181 | D:2      | Reached skill level 1 in Throwing
  1181 | D:2      | Reached skill level 1 in Armour
  1181 | D:2      | Reached skill level 1 in Shields
  1181 | D:2      | Reached skill level 1 in Unarmed Combat
  1181 | D:2      | Reached skill level 1 in Evocations
  1312 | D:2      | You fall into a shaft and drop 2 floors!
  1364 | D:3      | Reached XP level 4. HP: 32/32 MP: 7/11
  1365 | D:3      | Reached skill level 1 in Conjurations
  1365 | D:3      | Reached skill level 1 in Hexes
  1365 | D:3      | Reached skill level 1 in Summonings
  1365 | D:3      | Reached skill level 1 in Necromancy
  1365 | D:3      | Reached skill level 1 in Translocations
  1365 | D:3      | Reached skill level 1 in Transmutations
  1365 | D:3      | Reached skill level 1 in Fire Magic
  1365 | D:3      | Reached skill level 1 in Air Magic
  1365 | D:3      | Reached skill level 1 in Earth Magic
  1365 | D:3      | Reached skill level 1 in Poison Magic
  1586 | D:3      | Found a shimmering blue altar of Sif Muna.
  1961 | D:3      | Reached XP level 5. HP: 37/37 MP: 8/12
  2044 | D:3      | Found a glowing drain.
  2561 | D:3      | Found a glowing silver altar of Zin.
  2561 | D:3      | Found a white marble altar of Elyvilon.
  2645 | D:4      | Noticed Edmund
  2645 | D:4      | Noticed Menkaure
  2657 | D:4      | Killed Edmund
  2658 | D:4      | Reached XP level 6. HP: 12/44 MP: 0/14
  2658 | D:4      | HP: 2/44 [Menkaure/nerve-wracking pain (10)]
  2660 | D:3      | Slain by a scorpion

Illustrated notes

Levels and vault maps discovered:
D:1:      dpeg_arrival_court, layout_loops_cross, hex_tiny,
          grunt_decor_resistance, minmay_crystal_water
D:2:      layout_basic, nicolae_ecumenical_pavilion
D:3:      cheibrodos_greedy_goblins, layout_loops_corners,
          mainiacjoe_overflow_chevrons, gammafunk_temple_overflow_wave,
          portal_sewer_entry_b
D:4:      layout_loops_ring, nicolae_qazlal_general_emergency,
          nicolae_vehumet_radiance, uniq_ijyb, uniq_grinder, uniq_menkaure,
          uniq_edmund

Skill      XL: |  1  2  3  4  5 |
---------------+----------------+-----
Spellcasting   | 5 |  5.3
Invocations    | 1 2 |  2.0
Fighting       | 1 |  1.8
Short Blades   | 1 |  1.8
Long Blades    | 1 |  1.8
Axes           | 1 |  1.8
Maces & Flails | 1 |  1.8
Polearms       | 1 |  1.8
Staves         | 1 |  1.8
Ranged Weapons | 1 |  1.8
Throwing       | 1 |  1.8
Armour         | 1 |  1.8
Shields        | 1 |  1.8
Unarmed Combat | 1 |  1.8
Evocations     | 1 |  1.8
Conjurations   | 1 |  1.4
Hexes          | 1 |  1.4
Summonings     | 1 |  1.4
Necromancy     | 1 |  1.4
Translocations | 1 |  1.4
Transmutations | 1 |  1.4
Fire Magic     | 1 |  1.4
Air Magic      | 1 |  1.4
Earth Magic    | 1 |  1.4
Poison Magic   | 1 |  1.4
Dodging        | |  4.9
Stealth        | |  4.5
Ice Magic      | |  7.2

Action                     |  1- 3 |  4- 6 || total
---------------------------+-------+-------++-------
  Melee: Trident           |    41 |    66 ||   107
         Bite              |     5 |     7 ||    12
         Unarmed           |     1 |       ||     1
         Punch             |     2 |       ||     2
   Cast: Freeze            |    23 |     2 ||    25
         Frozen Ramparts   |     2 |    10 ||    12
         Ozocubu's Armour  |       |     2 ||     2
    Use: Potion            |       |     1 ||     1
   Stab: Sleeping          |     3 |     4 ||     7
 Armour: Robe              |     9 |    12 ||    21
  Dodge: Dodged            |    51 |    58 ||   109

Table legend: (Time is in decaauts)
 A = Elapsed time spent in this place.
 B = Non-inter-level travel time spent in this place.
 C = Inter-level travel time spent in this place.
 D = Time resting spent in this place.
 E = Time spent auto-exploring this place.
 F = Levels seen in this place.
 G = Mean time per level.
                   A        B        C        D        E       F      G
               +--------+--------+--------+--------+--------+-----+--------+
         Total |   2684 |   2547 |    137 |      0 |   1652 |   4 |  671.0 |
       Dungeon |   2684 |   2547 |    137 |      0 |   1652 |   4 |  671.0 |
               +--------+--------+--------+--------+--------+-----+--------+

Top non-repeatable levels by time:
     D:3: 1311 daAuts
     D:1: 994 daAuts
     D:2: 326 daAuts
     D:4: 53 daAuts
